 Dungeon Crawl Stone Soup version 0.30-a0-800-g7c544603b3 (webtiles) character file.

Game seed: 9018703295752084170

27706 sircluck the Severer (level 13, 0/128 HPs)
             Began as a Hill Orc Fighter on Feb 22, 2023.
             Was a Priest of Beogh.
             Slain by a sixfirhy (9 damage)
             ... summoned by Frances
             ... on level 12 of the Dungeon.
             The game lasted 00:46:28 (14294 turns).

sircluck the Severer (Hill Orc Fighter)            Turns: 14294, Time: 00:46:29

Health: 0/128      AC: 16    Str: 24    XL:     13   Next: 34%
Magic:  13/13      EV:  9    Int: 14    God:    Beogh [***...]
Gold:   981        SH:  6    Dex: 10    Spells: 11/12 levels left

rFire   . . .      SeeInvis .    q - +4 broad axe (heavy)
rCold   + . .      Faith    .    c - +0 buckler
rNeg    . . .      Spirit   .    j - +0 chain mail {rC+}
rPois   .          Reflect  .    (helmet restricted)
rElec   .          Harm     .    k - +2 cloak
rCorr   .          Rampage  .    (no gloves)
Will    .....                    r - +0 pair of boots Stlth
                                 F - amulet of regeneration
HPRegen 1.21/turn                K - +6 ring of intelligence
MPRegen 0.13/turn                B - ring of wizardry

@: no status effects
A: horns 1, robust 1
a: Renounce Religion, Smiting


You were on level 12 of the Dungeon.
You worshipped Beogh.
Beogh was most pleased with you.
You visited 1 branch of the dungeon, and saw 12 of its levels.

You collected 1121 gold pieces.
You spent 140 gold pieces at shops.

Inventory:

Hand Weapons
 a - a +0 war axe
 d - a +0 shortbow
 p - a +0 dagger of venom
 q - a +4 heavy broad axe (weapon)
 w - the +6 flail "Gisch" {flame, *Noise rPois rC+ Int+4}
   (You took it off a kobold on level 2 of the Dungeon)

   Int:       It affects your intelligence (+4).
   rC:        It protects you from cold.
   rPois:     It protects you from poison.
   *Noise:    It may make noises in combat.
 x - a +0 spear
 y - a +2 dagger of venom
 A - a +0 war axe
 E - a +2 quarterstaff of speed
 X - a +3 trident
 Z - a +1 dire flail of draining
Missiles
 f - 22 poisoned darts (quivered)
 G - 5 stones
 N - 5 throwing nets
 T - 5 atropa-tipped darts
 V - 3 silver javelins
Armour
 b - a +0 scale mail
 c - a +0 buckler (worn)
 j - a +0 chain mail of cold resistance (worn)
 k - a +2 cloak (worn)
 n - a +2 leather armour of cold resistance
 r - a +0 pair of boots (worn)
 s - a +0 cloak
Jewellery
 i - a ring of magical power
 l - a ring of protection from cold
 B - a ring of wizardry (right hand)
 F - an amulet of regeneration (around neck)
 K - a +6 ring of intelligence (left hand)
 S - a ring of protection from cold
Wands
 H - a wand of iceblast (1)
 I - a wand of light (5)
 O - a wand of mindburst (24)
 Q - a wand of flame (40)
 R - a wand of polymorph (15)
 Y - a wand of charming (10)
Scrolls
 g - 10 scrolls of identify
 h - 4 scrolls of teleportation
 m - a scroll of noise
 o - 2 scrolls of enchant weapon
 t - a scroll of summoning
 C - 3 scrolls of fog
 D - a scroll of silence {unknown}
 M - 3 scrolls of magic mapping
 W - 2 scrolls of amnesia
Potions
 e - a potion of cancellation
 u - 2 potions of invisibility
 v - a potion of magic
 z - a potion of attraction
 J - 2 potions of brilliance
 L - a potion of mutation


   Skills:
 + Level 11.7 Fighting
 + Level 17.8 Axes
 + Level 3.2 Throwing
 + Level 10.7 Armour
 + Level 5.2 Dodging
 + Level 4.2 Stealth
 + Level 8.7 Shields
 + Level 0.2 Spellcasting
 + Level 0.3 Summonings
 + Level 0.1 Evocations


You had 11 spell levels left.
You knew the following spells:

 Your Spells              Type           Power      Damage    Failure   Level
a - Summon Small Mammal   Summ           4%         N/A       52%         1

Your spell library contained the following spells:

 Spells                   Type           Power      Damage    Failure   Level
 Apportation              Tloc           0%         N/A       56%         1
 Foxfire                  Conj/Fire      0%         2x1d4     56%         1
 Necrotise                Necr           0%         1d4       56%         1
 Dazzling Flash           Conj/Hex       0%         N/A       89%         3
 Gell's Gravitas          Tloc           0%         N/A       89%         3
 Teleport Other           Tloc           0%         N/A       89%         3
 Anguish                  Hex/Necr       0%         N/A       99%         4
 Flame Wave               Conj/Fire      0%         2d4       99%         4
 Iskenderun's Mystic Bla  Conj/Tloc      0%         2d3       99%         4
 Dispersal                Tloc           0%         N/A       100%        6
 Starburst                Conj/Fire      0%         6d3       100%        6
 Enfeeble                 Hex            0%         N/A       100%        7
 Polar Vortex             Ice            0%         N/A       100%        9


Dungeon Overview and Level Annotations

Branches:
Dungeon (12/15)            Temple (0/1) D:7            Lair (0/5) D:11
    Orc (0/2) D:12

Altars:
Ashenzari
Dithmenos
Gozag
Hepliaklqana
Nemelex Xobeh
Qazlal
Sif Muna
Vehumet
The Shining One
Beogh

Shops:
D:1 *   D:5 ?

Annotations:
D:12 Frances


Innate Abilities, Weirdness & Mutations

You have a pair of small horns on your head.
You are robust. (+10% HP)


Message History

The sixfirhy hits you but does no damage.
Frances chants phrases taken from a devil's mouth.
The iron shot hits you!!!
* * * LOW HITPOINT WARNING * * *
You are too injured to fight recklessly!
You are too injured to fight recklessly!
You are too injured to fight recklessly!
You are too injured to fight recklessly!
You are too injured to fight recklessly!
You are too injured to fight recklessly!
You are too injured to fight recklessly!
You are too injured to fight recklessly!
You are too injured to fight recklessly!
You are too injured to fight recklessly!
You are too injured to fight recklessly!
You swap places.
The sixfirhy hits your orc warrior. The sixfirhy shocks your orc warrior!
The sixfirhy completely misses your orc warrior.
The sixfirhy hits your orc warrior!
Your orc warrior dies!
Frances hits your orc with a +0 war axe!
Your orc dies!
Aiming: Polymorph
Press: ? - help, Q - select action, (/) - cycle Shift-Dir - straight line, f - sixfirhy
Aim: a sixfirhy (summoned, will become a soul eater, a rust devil, or a smoke demon, chance to affect: 17%)
The sixfirhy resists with almost no effort.
The sixfirhy hits you!
* * * LOW HITPOINT WARNING * * *
The sixfirhy shocks you!
* * * LOW HITPOINT WARNING * * *
The sixfirhy hits you but does no damage. x2
Your orc hits the sixfirhy with a +0 dagger.
You swap places.
Your orc barely misses the sixfirhy.
Frances chants phrases taken from a devil's mouth.
Your orc closely misses the sixfirhy.
As you read the scroll of fog, it crumbles to dust.
The scroll dissolves into smoke.
The sixfirhy hits you.
* * * LOW HITPOINT WARNING * * *
The sixfirhy shocks you!
You die...

#..........#
+.....# #.....
#..........#
#.....# #>....
#..........+
#.....# ###.....
#..........#
#.....# ##.'.....
'..........#
#.....# ##..#o....
#..........#
#.....###..##.....
###+########
#§§§..'...###.....
#§§§..##### #.....
#@3o..# ######
###§### #@3# ##4#
.. ..# ..# ..# ..#


You could see a sixfirhy (summoned) and a friendly orc.

Vanquished Creatures
  Jorgrun (D:12)
  Snorg (D:12)
  A boulder beetle (D:12)
  4 two-headed ogres
  A tengu warrior (D:12)
  An obsidian statue (D:11)
  A deep elf pyromancer (D:12)
  A manticore (D:11)
  A cyclops (D:11)
  Maurice (D:9)
  A gargoyle (D:9)
  2 unseen horrors (D:12)
  2 kobold demonologists (D:8)
  A rime drake (D:11)
  3 trolls
  A polar bear (D:11)
  9 slime creatures (D:12)
  A vampire (D:11)
  2 wraiths
  11 yaks (D:11)
  2 wyverns
  An acid dragon (D:12)
  2 water moccasins (D:7)
  12 orc warriors
  7 ice beasts
  A black bear (D:5)
  2 sky beasts (D:7)
  2 wolves (D:11)
  4 centaurs
  6 ogres
  Blork the orc (D:6)
  8 bullfrogs
  2 necrophages (D:7)
  6 kobold brigands
  3 scorpions
  4 gnoll sergeants
  3 wights (D:6)
  3 killer bees (D:7)
  A howler monkey (D:5)
  A crimson imp (D:6)
  2 gnoll boudas (D:6)
  2 jellies
  4 hounds
  8 orc priests
  5 iguanas
  5 orc wizards
  10 adders
  22 gnolls
  3 white imps (D:6)
  A worm (D:3)
  2 dart slugs
  36 orcs
  8 endoplasms
  3 giant cockroaches
  7 goblins (D:4)
  8 hobgoblins
  22 kobolds
  2 quokkas
  8 ball pythons
  7 bats
  2 frilled lizards
  A rat (D:1)
  8 bushes (D:5)
293 creatures vanquished.

Vanquished Creatures (collateral kills)
  The ghost of pokeman the Thaumaturge, a novice DEHW (D:8)
  A tengu conjurer (D:12)
  The ghost of Valamore the Insei, an amateur OpTm (D:5)
  A shadow (D:8)
  A wraith (D:12)
  An orc priest (D:12)
  A white imp (D:5)
7 creatures vanquished.

Vanquished Creatures (others)
  An orc warrior (D:12)
  An orc priest (D:12)
  2 orcs
  9 plants
13 creatures vanquished.

Grand Total: 313 creatures vanquished

Notes
Turn   | Place    | Note
-------+----------+-------------------------------------------
     0 | D:1      | sircluck the Hill Orc Fighter began the quest for the Orb.
     0 | D:1      | Reached XP level 1. HP: 19/19 MP: 1/1
    53 | D:1      | Found Miogg's Assorted Antiques.
   187 | D:1      | Reached skill level 3 in Axes
   187 | D:1      | Reached XP level 2. HP: 20/27 MP: 2/2
   936 | D:2      | Reached XP level 3. HP: 23/33 MP: 3/3
  1191 | D:2      | Found a faded altar of an unknown god.
  1609 | D:2      | Identified the +6 flail "Gisch" {flame, *Noise rPois rC+
                  | Int+4}
  2090 | D:3      | Reached XP level 4. HP: 39/40 MP: 4/4
  2211 | D:3      | Reached skill level 4 in Axes
  2489 | D:3      | Found a shimmering blue altar of Sif Muna.
  2861 | D:4      | Found a stormy altar of Qazlal.
  2861 | D:4      | Found a radiant altar of Vehumet.
  2878 | D:4      | Reached XP level 5. HP: 19/47 MP: 5/5
  3079 | D:4      | Found a shadowy altar of Dithmenos.
  3612 | D:5      | Entered Level 5 of the Dungeon
  3619 | D:5      | Reached skill level 5 in Axes
  3639 | D:5      | Noticed an ice beast
  3645 | D:5      | Killed an ice beast
  3646 | D:5      | Reached XP level 6. HP: 24/53 MP: 6/6
  3799 | D:5      | Noticed a black bear
  3813 | D:5      | Killed a black bear
  3814 | D:5      | Reached skill level 6 in Axes
  3814 | D:5      | Reached skill level 1 in Dodging
  3892 | D:5      | Reached skill level 5 in Armour
  3892 | D:5      | Reached XP level 7. HP: 53/60 MP: 7/7
  3899 | D:5      | Found Agieriji's Magic Scroll Boutique.
  3937 | D:5      | Found a runed translucent gate.
  3938 | D:5      | Found a runed translucent gate.
  3939 | D:5      | Found a runed translucent gate.
  3940 | D:5      | Found an opulent altar of Gozag.
  3941 | D:5      | Noticed Valamore's ghost (amateur OpTm)
  3941 | D:5      | Noticed a two-headed ogre
  3974 | D:5      | Found a hazy altar of Hepliaklqana.
  3980 | D:5      | Reached skill level 5 in Fighting
  4074 | D:5      | Bought a scroll of identify for 28 gold pieces
  4074 | D:5      | Bought a scroll of identify for 28 gold pieces
  4074 | D:5      | Bought a scroll of identify for 28 gold pieces
  4074 | D:5      | Bought a scroll of identify for 28 gold pieces
  4074 | D:5      | Bought a scroll of identify for 28 gold pieces
  4664 | D:5      | Killed Valamore's ghost
  4665 | D:5      | Reached skill level 7 in Axes
  4714 | D:5      | Killed a two-headed ogre
  4715 | D:5      | Reached skill level 8 in Axes
  4715 | D:5      | Reached skill level 1 in Stealth
  4715 | D:5      | Reached XP level 8. HP: 20/70 MP: 8/8
  5118 | D:6      | Reached skill level 9 in Axes
  5254 | D:6      | Reached skill level 5 in Shields
  5316 | D:6      | Reached XP level 9. HP: 74/75 MP: 9/9
  5410 | D:6      | Identified a scroll of acquirement
  5413 | D:6      | Acquired a +4 heavy broad axe
  5490 | D:6      | Noticed Blork the orc
  5498 | D:6      | Killed Blork the orc
  5717 | D:6      | Reached skill level 10 in Axes
  6055 | D:7      | Found a staircase to the Ecumenical Temple.
  6428 | D:7      | Reached skill level 11 in Axes
  6778 | D:7      | Found a glowing golden altar of the Shining One.
  6791 | D:7      | Found a sparkling altar of Nemelex Xobeh.
  6928 | D:7      | Reached XP level 10. HP: 86/86 MP: 10/10
  6931 | D:7      | Reached skill level 12 in Axes
  7278 | D:8      | Became a worshipper of Beogh the Brigand
  7559 | D:8      | Found a runed translucent gate.
  7559 | D:8      | Found a runed translucent gate.
  7559 | D:8      | Found a runed translucent gate.
  7969 | D:8      | Noticed pokeman's ghost (novice DEHW)
  7983 | D:8      | Killed pokeman's ghost
  7984 | D:8      | Reached skill level 13 in Axes
  8046 | D:9      | Noticed a kobold demonologist
  8046 | D:9      | Noticed a kobold demonologist
  8047 | D:9      | Noticed Maurice
  8072 | D:8      | Killed a kobold demonologist
  8072 | D:8      | Killed a kobold demonologist
  8757 | D:9      | Reached * piety under Beogh
  8802 | D:9      | Killed Maurice
  8803 | D:9      | Reached XP level 11. HP: 88/95 MP: 11/11
  8818 | D:9      | Learned a level 1 spell: Summon Small Mammal
  8858 | D:9      | Reached skill level 14 in Axes
  8999 | D:7      | Gained mutation: Armour fits poorly on your strangely
                  | shaped body. [potion of mutation]
  8999 | D:7      | Gained mutation: You are occasionally teleported next to
                  | monsters. [potion of mutation]
  9000 | D:7      | Lost mutation: You are occasionally teleported next to
                  | monsters. [potion of mutation]
  9000 | D:7      | Lost mutation: Armour fits poorly on your strangely shaped
                  | body. [potion of mutation]
  9000 | D:7      | Gained mutation: You are robust. (+10% HP) [potion of
                  | mutation]
  9000 | D:7      | Gained mutation: You have a pair of small horns on your
                  | head. [potion of mutation]
  9004 | D:7      | Reached skill level 15 in Axes
  9004 | D:7      | Reached XP level 12. HP: 115/115 MP: 12/12
  9524 | D:10     | Entered Level 10 of the Dungeon
 10345 | D:10     | Found a broken altar of Ashenzari.
 10673 | D:11     | Noticed a two-headed ogre
 10698 | D:11     | Killed a two-headed ogre
 10699 | D:11     | Reached skill level 10 in Fighting
 10699 | D:11     | Reached skill level 16 in Axes
 10795 | D:11     | Found a stormy altar of Qazlal.
 10810 | D:11     | Reached ** piety under Beogh
 10863 | D:11     | Reached skill level 1 in Throwing
 10900 | D:11     | Found a staircase to the Lair.
 11216 | D:11     | Noticed a two-headed ogre
 11223 | D:11     | Killed a two-headed ogre
 11224 | D:11     | Reached skill level 10 in Armour
 11224 | D:11     | Reached skill level 5 in Dodging
 11295 | D:11     | Noticed a two-headed ogre
 11299 | D:11     | Killed a two-headed ogre
 11837 | D:11     | Noticed a sun demon
 13406 | D:12     | Noticed a boulder beetle
 13494 | D:12     | Got the Handbook of the Coals and Hoarfrost
 13519 | D:12     | Found a roughly hewn altar of Beogh.
 13561 | D:12     | Reached *** piety under Beogh
 13668 | D:12     | Reached XP level 13. HP: 16/127 MP: 13/13
 13669 | D:12     | Reached skill level 17 in Axes
 13936 | D:12     | Noticed Snorg
 13939 | D:12     | Killed Snorg
 14071 | D:12     | Noticed Jorgrun
 14085 | D:12     | Killed Jorgrun
 14152 | D:12     | Found a staircase to the Orcish Mines.
 14166 | D:12     | Found a roughly hewn altar of Beogh.
 14280 | D:12     | Noticed Frances
 14294 | D:12     | Slain by a sixfirhy

Illustrated notes

Levels and vault maps discovered:
D:1:      eino_arrival_tree_alley, layout_basic, serial_shops, shop_coins,
          nicolae_grassy_gnolls
D:2:      layout_basic, hellmonk_ecumenical_altar_inner_sanctum
D:3:      layout_rooms, lemuel_round_altar
D:4:      layout_loops_ring, mainiacjoe_overflow_six_doors_small,
          gammafunk_temple_overflow_pools, minmay_goblin_outpost
D:5:      layout_basic, mainiacjoe_overflow_boulevard, serial_shops, shop_coins,
          ebering_ghost_gozag, due_unseen_surprise
D:6:      layout_loops_cross, minmay_fire_ice_demons, uniq_blork_the_orc
D:7:      minmay_razor_zed, layout_loops_corners, mainiacjoe_overflow_swirl,
          temple_statues, nicolae_underground_beach
D:8:      layout_basic, gammafunk_ghost_spectres, serial_bayou_pond_d,
          serial_bayou_pond_b, chequers_serial_rivers_room_a
D:9:      layout_rooms, uniq_maurice
D:10:     layout_basic, mainiacjoe_overflow_cross_hatched, nicolae_titane
D:11:     layout_loops_corners, hellmonk_lair_entry_icy, minivault_16,
          nicolae_qazlal_scattered_showers
D:12:     layout_roguey [special_room_orc], minmay_orc_entry_temple_small,
          uniq_snorg, uniq_frances, uniq_jorgrun

Skill      XL: |  1  2  3  4  5  6  7  8  9 10 11 12 13 |
---------------+----------------------------------------+-----
Fighting       | 4 5 6 7 8 9 11 | 11.7
Axes           | 3 4 5 6 8 9 11 13 15 16 17 | 17.8
Armour         | 4 5 6 7 8 9 10 | 10.7
Dodging        | 1 2 3 4 5 |  5.2
Shields        | 4 5 6 7 8 |  8.7
Stealth        | 1 3 4 |  4.2
Throwing       | 3 |  3.2
Spellcasting   | |  0.2
Summonings     | |  0.3
Evocations     | |  0.1

Action                     |  1- 3 |  4- 6 |  7- 9 | 10-12 | 13-15 || total
---------------------------+-------+-------+-------+-------+-------++-------
  Melee: War axe           |    88 |   129 |   284 |       |       ||   501
         Broad axe         |       |       |    88 |   352 |    63 ||   503
         Headbutt          |       |       |       |    40 |    17 ||    57
  Throw: Stone             |       |     8 |       |    87 |       ||    95
         Dart              |       |       |       |    19 |       ||    19
   Cast: Summon Small Mamm |       |       |       |     6 |       ||     6
 Invoke: Convert to Beogh  |       |       |       |     1 |       ||     1
  Evoke: Wand              |       |       |       |     5 |     1 ||     6
    Use: Potion            |       |     1 |       |    23 |       ||    24
         Scroll            |       |       |    14 |    16 |     1 ||    31
   Stab: Invisible         |       |       |       |     5 |       ||     5
         Distracted        |       |       |       |       |     1 ||     1
 Armour: Scale mail        |    59 |    80 |    94 |   211 |       ||   444
         Chain mail        |       |       |       |    11 |    30 ||    41
  Dodge: Dodged            |    49 |    98 |    86 |   267 |    20 ||   520
  Block: Buckler           |    13 |    34 |    58 |   136 |    21 ||   262

Table legend: (Time is in decaauts)
 A = Elapsed time spent in this place.
 B = Non-inter-level travel time spent in this place.
 C = Inter-level travel time spent in this place.
 D = Time resting spent in this place.
 E = Time spent auto-exploring this place.
 F = Levels seen in this place.
 G = Mean time per level.
                   A        B        C        D        E       F      G
               +--------+--------+--------+--------+--------+-----+--------+
         Total |  14574 |  12373 |   2201 |   1161 |   7873 |  12 | 1214.5 |
       Dungeon |  14574 |  12373 |   2201 |   1161 |   7873 |  12 | 1214.5 |
               +--------+--------+--------+--------+--------+-----+--------+

Top non-repeatable levels by time:
    D:11: 2921 daAuts
     D:7: 1634 daAuts
     D:5: 1619 daAuts
     D:8: 1160 daAuts
     D:2: 1159 daAuts
    D:10: 1014 daAuts
     D:6: 970 daAuts
     D:1: 926 daAuts
     D:4: 926 daAuts
    D:12: 832 daAuts
     D:9: 746 daAuts
     D:3: 663 daAuts
